Map: Dusk Towers

Players

Aleron - Winner!

  • Race: Terran Terran
  • League: Diamond

A.I. 1 (Very Easy)

  • Race: Terran Terran

VOD

Have the link to the VOD?

Description

Example benchmarks for an old WoL build

Time

  • Played on: Dec. 17, 2015, 7:26 p.m.
  • Length: 11:22
Show
View Real Time Build Order
Export as new Build Order

Aleron Terran - Winner!

Build Orders: Bio Tank 

Get SALT Encoding   

  12  0:00  SCV  
  13  0:13  SCV  
  14  0:18  Supply Depot  
  14  0:25  SCV  
  15  0:40  SCV, Barracks  
  16  0:52  SCV  
  17  1:04  SCV  
  18  1:16  SCV  
  19  1:19  Command Center  
  19  1:32  Orbital Command  
  19  1:33  Marine  
  20  1:44  Supply Depot  
  20  1:51  Marine  
  21  1:55  Bunker  
  21  1:58  SCV  
  22  2:09  Marine  
  22  2:11  SCV  
  22  2:14  Barracks  
  22  2:15  Barracks  
  24  2:23  SCV  
  24  2:27  Refinery  
  25  2:30  Refinery, Marine  
  25  2:35  SCV  
  27  2:42  Orbital Command  
  27  2:47  SCV  
  27  2:48  Marine  
  29  2:59  SCV  
  29  3:02  Marine  
  29  3:03  Marine  
  32  3:05  Marine  
  32  3:09  SCV  
  34  3:15  SCV  
  35  3:20  Supply Depot  
  35  3:22  Barracks Reactor  
  35  3:23  Barracks Reactor  
  35  3:24  Barracks Tech Lab  
  35  3:25  SCV  
  36  3:27  SCV  
  37  3:39  Factory  
  37  3:40  SCV  
  38  3:41  SCV  
  38  3:45  Refinery  
  38  3:46  Supply Depot  
  39  3:48  Engineering Bay  
  39  3:50  Marine  
  39  3:53  SCV x2  
  42  3:55  Stimpack  
  42  4:01  Marine x4  
  46  4:05  SCV x2  
  46  4:08  Marine  
  49  4:13  Supply Depot  
  49  4:17  SCV x2, Supply Depot  
  49  4:21  Marine  
  49  4:22  Marine  
  49  4:23  Marine  
  54  4:25  Marine  
  54  4:29  SCV x2, Starport  
  54  4:30  Factory Reactor  
  57  4:32  Factory Tech Lab  
  57  4:37  Terran Infantry Weapons Level 1  
  57  4:41  Supply Depot, SCV  
  57  4:43  SCV, Marine x2  
  61  4:45  Marine  
  61  4:47  Marine  
  61  4:49  Marine  
  64  4:53  Siege Tank  
  64  4:56  SCV x2  
  69  5:01  Supply Depot  
  69  5:05  Marine x3  
  72  5:07  Starport Reactor  
  72  5:08  SCV x2  
  72  5:13  Supply Depot  
  74  5:15  Marine x2  
  74  5:20  SCV x2  
  78  5:24  Supply Depot  
  78  5:29  Siege Tank  
  78  5:32  SCV x2  
  78  5:35  Marine x4  
  84  5:36  Marine  
  84  5:38  Supply Depot  
  88  5:44  SCV x2, Medivac x2  
  94  5:54  Supply Depot  
  94  5:56  SCV  
  94  5:57  SCV, Marine  
  96  5:58  Marine x4  
  96  5:59  Combat Shields  
  101  6:09  SCV x2  
  101  6:10  Barracks  
  103  6:11  Siege Tank  
  103  6:13  Barracks  
  103  6:18  Marine x3  
  106  6:19  Marine x2  
  106  6:24  Supply Depot  
  111  6:29  Supply Depot  
  111  6:36  SCV x2  
  111  6:37  Command Center  
  111  6:39  Terran Infantry Armor Level 1  
  113  6:45  Siege Tank  
  116  6:48  SCV x2  
  118  6:58  Armory, Engineering Bay  
  118  7:02  Supply Depot  
  118  7:04  Marine x4  
  118  7:06  Supply Depot, Barracks Reactor  
  118  7:07  Barracks Tech Lab  
  118  7:08  Marine  
  123  7:11  SCV  
  123  7:14  Refinery  
  124  7:20  SCV  
  125  7:23  SCV, Marine x4  
  125  7:25  Siege Tank, Marine  
  134  7:33  Factory  
  134  7:34  Marine  
  135  7:41  Marine x4  
  139  7:47  Supply Depot, Marine x3  
  139  7:49  Supply Depot  
  139  7:51  SCV x2, Orbital Command  
  142  7:53  Refinery  
  142  7:54  Terran Infantry Weapons Level 2  
  142  7:56  Refinery  
  142  7:57  Terran Vehicle Weapons Level 1  
  144  8:03  SCV x2  
  146  8:07  Marine x2  
  146  8:08  Marine x4  
  146  8:09  Marine x2  
  146  8:12  Siege Tank  
  157  8:15  SCV  
  157  8:16  SCV  
  157  8:19  SCV  
  160  8:24  Supply Depot  
  160  8:25  Supply Depot  
  160  8:26  Factory Tech Lab  
  160  8:34  Terran Infantry Armor Level 2  
  160  8:36  Marine x3  
  160  8:37  Marine x4  
  160  8:38  Marine  
  168  8:42  Command Center  
  168  8:46  Siege Tank x2  
  174  8:58  Barracks  
  174  8:59  Barracks  
  174  9:01  Barracks  
  174  9:02  Barracks  
  174  9:06  Marine x6  
  174  9:08  Medivac x2  
  184  9:15  Supply Depot  
  184  9:28  Marine x6  
  190  9:44  Medivac x2  
  194  9:49  Barracks Reactor x2, Barracks Tech Lab  
  194  9:50  Barracks Tech Lab  
  194  9:56  Orbital Command  
  194  9:59  Refinery x2  
  194  10:02  Marine x3  
  194  10:03  Marine x3  
  200  10:25  Command Center  
Show
View Real Time Build Order
Export as new Build Order

A.I. 1 (Very Easy) Terran 

Build Orders: Reaper Expand 

Get SALT Encoding   

  12  0:00  SCV  
  13  0:13  SCV  
  14  0:19  Supply Depot  
  14  0:43  Barracks  
  14  1:03  Command Center  
  14  1:32  Marine  
  14  1:33  Supply Depot, Orbital Command  
  14  1:38  Refinery  
  15  1:49  Refinery  
  15  1:59  SCV  
  16  2:11  SCV  
  16  2:15  SCV  
  18  2:17  Reaper  
  19  2:23  SCV  
  19  2:29  SCV  
  21  2:36  SCV  
  22  2:43  SCV  
  23  2:50  SCV  
  24  2:56  Refinery  
  24  2:58  SCV  
  25  3:04  Marine  
  25  3:05  SCV  
  27  3:12  SCV  
  28  3:19  SCV, Factory  
  29  3:44  Refinery  
  29  3:46  SCV  
  30  3:51  Marine  
  30  3:53  SCV  
  32  3:57  Supply Depot  
  32  4:00  SCV  
  33  4:05  Starport  
  33  4:07  SCV  
  33  4:09  Barracks Tech Lab  
  34  4:14  SCV  
  35  4:22  SCV  
  36  4:29  SCV  
  37  4:32  Supply Depot  
  37  4:36  SCV  
  38  4:39  Marauder  
  38  4:43  SCV, Starport Tech Lab  
  41  4:50  SCV  
  42  4:57  SCV  
  43  5:03  Raven  
  43  5:05  SCV  
  46  5:12  SCV  
  47  5:19  SCV  
  48  5:25  Marine  
  49  5:46  Raven  
  51  6:13  Marine  
  52  6:38  SCV  
  52  7:01  Marauder  
  54  9:55  SCV  
  54  10:19  Marine  
  50  10:22  Supply Depot  
  43  10:37  SCV  
  19  11:07  Supply Depot  
Tags
 
Composition
Bio Tank
League
Diamond
Matchup
TvT
Race
Terran
Add a new tag
Caveats
  • Supply blocks, unpowered buildings, or Contaminate may cause inaccurate times.
  • Supply counts are checked every 10 seconds.